 Dungeon Crawl Stone Soup version 0.31-a0-174-g85c54bcb58 (webtiles) character file.

Game seed: 2879668832738386519

6479 qw the Skirmisher (level 11, 0/104 HPs)
             Began as a Naga Hunter on June 15, 2023.
             Was a Priest of Okawaru.
             Slain by a killer bee (5 damage)
             ... on level 9 of the Dungeon.
             The game lasted 00:03:05 (8189 turns).

qw the Skirmisher (Naga Hunter)                     Turns: 8189, Time: 00:03:06

Health: 0/104      AC:  7    Str: 13    XL:     11   Next: 0%
Magic:  12/14      EV: 15    Int:  9    God:    Okawaru [***...]
Gold:   533        SH:  0    Dex: 20    Spells: 10/10 levels left

rFire   + . .        Y - +0 orcbow
rCold   + . .        (shield currently unavailable)
rNeg    . . .        c - +0 leather armour
rPois   +            b - +0 helmet
rElec   .            o - scarf {rC+ rF+}
rCorr   +            (no gloves)
SInv    +            (no barding)
Will    +....        (no amulet)
Stlth   +++          a - +4 ring of slaying {mikee}
HPRegen 0.37/turn    l - ring of resist corrosion
MPRegen 0.14/turn

%: no passive effects
@: about to teleport, heroic, very slow
A: AC +3, large, see invisible, deformed body, poison resistance, slowness 2,
spit poison 1, naga tail 1
a: Spit Poison, Renounce Religion, Heroism


You were on level 9 of the Dungeon.
You worshipped Okawaru.
Okawaru was most pleased with you.
You visited 2 branches of the dungeon, and saw 10 of its levels.

You collected 533 gold pieces.


Innate Abilities, Weirdness & Mutations

Your serpentine skin is tough. (AC +3)
You have supernaturally acute eyesight. (SInv)
Armour fits poorly on your strangely shaped body.
Your system is resistant to poisons. (rPois)
You cover ground very slowly.
You can spit poison.
You have a snake-like lower body.


   Skills:
 - Level 8.4(13.4) Fighting
 + Level 12.1(17.1) Ranged Weapons
 - Level 1.6(6.6) Armour
 - Level 4.0(9.0) Dodging
 - Level 1.5(6.5) Stealth
 - Level 4.1 Invocations


You had 10 spell levels left.
You didn't know any spells.
Your spell library was empty.

Inventory:

Hand Weapons
 Y - a +0 orcbow (weapon)
Armour
 b - a +0 helmet (worn)
 c - a +0 leather armour (worn)
 f - +0 steam dragon scales
 o - a scarf of resistance (worn)
Jewellery
 a - a +4 ring of slaying (left hand) {mikee}
 l - a ring of resist corrosion (right hand)
 m - an amulet of the acrobat
Scrolls
 h - a scroll of identify
Potions
 d - 5 potions of curing
 e - a potion of cancellation
 g - a potion of berserk rage {unknown}
 i - a potion of lignification {unknown}
 k - a potion of attraction {unknown}

Dungeon Overview and Level Annotations

Branches:
Dungeon (9/15)             Temple (1/1) D:4            Lair (0/5) D:9
    Orc: D:9-12

Altars:
Cheibriados
Elyvilon
Fedhas
Gozag
Hepliaklqana
Kikubaaqudgha
Makhleb
Okawaru
Qazlal
Ru
Sif Muna
Trog
Uskayaw
Wu Jian
Xom
Yredelemnul
Zin
The Shining One

Shops:
D:1 !=[

Annotations:
D:6 2 transporters, qw's ghost, novice NaHu


Message History

The killer bee is almost dead.
You feel sick. The killer bee barely misses you.
The killer bee closely misses you.
The killer bee stings you but does no damage.
The killer bee stings you.
You shoot an arrow. The arrow hits the killer bee!
You kill the killer bee!
Okawaru accepts your kill.
You feel sick. The killer bee misses you.
You shoot an arrow. The arrow hits the killer bee!
The killer bee is heavily wounded.
You feel sick. The killer bee barely misses you.
The killer bee closely misses you.
You shoot an arrow. The arrow hits the killer bee!
You kill the killer bee!
Okawaru accepts your kill.
You have got your breath back.
You feel sick.
You have reached level 11!
You start resting.
Your surroundings suddenly seem different. 2 orcs, an orc warrior and 2 killer bees come into view.
The orc warrior is wielding a +0 glaive of venom.
Found a scroll of identify, a scroll of teleportation and 18 gold pieces.
You feel sick.
The orc shouts!
Enter note:
Enter note:
Enter note:
Enter note:
Enter note:
Enter note:
8189 ||| READING scroll of teleportation.
As you read the scroll of teleportation, it crumbles to dust.
You feel strangely unstable.
You feel sick.
You are no longer poisoned.
The orc shouts!
The killer bee stings you.
You die...

#..# #.#
#.# #####
..# #..#
#.# #..#
#####
#######
$....#
..y....
#...##.....
oo##......#
...'.8y@.#
##
.o##....##
.# #...###
## .....#
####' . #


You could see an orc warrior, 2 killer bees and 2 orcs.

Vanquished Creatures
  A two-headed ogre (D:8)
  Pikel (D:6)
  A kobold demonologist (D:9)
  A komodo dragon (D:9)
  Sigmund (D:5)
  Eustachio (D:5)
  3 steam dragons
  Menkaure (D:4)
  3 water moccasins
  An orc warrior (D:6)
  2 black bears
  A sky beast (D:6)
  2 ice beasts
  3 ogres
  2 centaurs
  3 phantoms
  Blork the orc (D:4)
  A kobold brigand (D:7)
  5 bullfrogs
  4 scorpions
  16 killer bees
  2 howler monkeys
  3 jellies
  6 orc priests
  2 hounds
  2 gnoll boudas
  An iguana (D:5)
  Ijyb (D:5)
  Terence (D:3)
  A sleepcap (D:7)
  11 orc wizards
  Robin (D:2)
  14 gnolls
  8 adders
  A shadow imp (D:6)
  A white imp (D:8)
  3 ufetubi (D:5)
  2 worms
  3 dart slugs
  16 orcs
  7 ball pythons
  11 endoplasms
  9 giant cockroaches
  14 goblins
  9 hobgoblins
  5 jackals
  4 quokkas
  3 bats (D:2)
  A frilled lizard (D:1)
  14 kobolds
  9 rats
219 creatures vanquished.

Notes
Turn   | Place    | Note
-------+----------+-------------------------------------------
     0 | D:1      | qw the Naga Hunter began the quest for the Orb.
     0 | D:1      | Reached XP level 1. HP: 19/19 MP: 1/1
     0 | D:1      | 0 ||| qw: Version: 0.2-a-29-g511e9b1
     0 | D:1      | 0 ||| qw: Game counter: 5300
     0 | D:1      | 0 ||| qw: Always use a shield: true
     0 | D:1      | 0 ||| qw: God list: Okawaru
     0 | D:1      | 0 ||| qw: Allow faded altars: false
     0 | D:1      | 0 ||| qw: Do Orc after D:15 true
     0 | D:1      | 0 ||| qw: Do second Lair branch before Depths: true
     0 | D:1      | 0 ||| qw: Lair rune preference: random
     0 | D:1      | 0 ||| qw: Plans: Normal
     0 | D:1      | 0 ||| PLANNING D:1-11
    27 | D:1      | 27 ||| INVOKING Spit Poison.
    53 | D:1      | 53 ||| INVOKING Spit Poison.
    58 | D:1      | 58 ||| INVOKING Spit Poison.
    87 | D:1      | 87 ||| INVOKING Spit Poison.
    96 | D:1      | 96 ||| INVOKING Spit Poison.
    98 | D:1      | Reached skill level 4 in Ranged Weapons
    98 | D:1      | Reached XP level 2. HP: 23/26 MP: 2/2
   122 | D:1      | 122 ||| INVOKING Spit Poison.
   123 | D:1      | Found Feipna's Distillery.
   146 | D:1      | Found Uluavvoc's Jewellery Emporium.
   150 | D:1      | 150 ||| INVOKING Spit Poison.
   155 | D:1      | 155 ||| SHOPLISTING +6 ring of dexterity (432 gold, have
                  | 5).
   155 | D:1      | 155 ||| SHOPLISTING amulet of faith (480 gold, have 5).
   155 | D:1      | 155 ||| SHOPLISTING ring of ice (300 gold, have 5).
   155 | D:1      | 155 ||| SHOPLISTING ring of protection from cold (300 gold,
                  | have 5).
   155 | D:1      | 155 ||| SHOPLISTING ring of protection from fire (300 gold,
                  | have 5).
   155 | D:1      | 155 ||| SHOPLISTING ring of willpower (300 gold, have 5).
   173 | D:1      | 173 ||| INVOKING Spit Poison.
   246 | D:1      | 246 ||| INVOKING Spit Poison.
   252 | D:1      | 252 ||| INVOKING Spit Poison.
   255 | D:1      | 255 ||| INVOKING Spit Poison.
   297 | D:1      | 297 ||| INVOKING Spit Poison.
   310 | D:1      | 310 ||| INVOKING Spit Poison.
   313 | D:1      | Found Feclyfof's Armour Shop.
   318 | D:1      | 318 ||| FLEEEEING.
   319 | D:1      | 319 ||| FLEEEEING.
   320 | D:1      | 320 ||| FLEEEEING.
   321 | D:1      | 321 ||| FLEEEEING.
   325 | D:1      | 325 ||| INVOKING Spit Poison.
   343 | D:1      | 343 ||| INVOKING Spit Poison.
   364 | D:1      | 364 ||| SHOPLISTING +2 ring mail of fire resistance (252
                  | gold, have 61).
   396 | D:1      | 396 ||| INVOKING Spit Poison.
   400 | D:1      | Reached XP level 3. HP: 28/32 MP: 3/3
   402 | D:1      | 402 ||| INVOKING Spit Poison.
   484 | D:1      | 484 ||| INVOKING Spit Poison.
   522 | D:1      | 522 ||| INVOKING Spit Poison.
   538 | D:1      | 538 ||| INVOKING Spit Poison.
   556 | D:1      | 556 ||| INVOKING Spit Poison.
   605 | D:1      | 605 ||| INVOKING Spit Poison.
   609 | D:1      | 609 ||| INVOKING Spit Poison.
   626 | D:1      | 626 ||| INVOKING Spit Poison.
   641 | D:1      | 641 ||| INVOKING Spit Poison.
   947 | D:1      | 947 ||| READING scroll labelled TIOQ SEEVEAR.
   948 | D:1      | 948 ||| READING 2 scrolls labelled BIHIMOHIH.
   949 | D:1      | 949 ||| READING scroll labelled GYKOKOKALI.
   950 | D:1      | 950 ||| DRINKING 3 bubbling puce potions.
   951 | D:1      | 951 ||| DROPPING scroll of butterflies.
   952 | D:1      | 952 ||| DROPPING scroll of poison.
  1018 | D:2      | 1018 ||| INVOKING Spit Poison.
  1036 | D:2      | 1036 ||| INVOKING Spit Poison.
  1041 | D:2      | 1041 ||| INVOKING Spit Poison.
  1052 | D:2      | 1052 ||| INVOKING Spit Poison.
  1074 | D:2      | 1074 ||| INVOKING Spit Poison.
  1078 | D:2      | 1078 ||| INVOKING Spit Poison.
  1081 | D:2      | 1081 ||| INVOKING Spit Poison.
  1085 | D:2      | 1085 ||| INVOKING Spit Poison.
  1088 | D:2      | HP: 8/32 [kobold/+1 short sword of freezing (1)]
  1089 | D:2      | 1089 ||| DRINKING 2 potions of heal wounds.
  1091 | D:2      | 1091 ||| INVOKING Spit Poison.
  1097 | D:2      | 1097 ||| INVOKING Spit Poison.
  1171 | D:2      | Reached skill level 5 in Ranged Weapons
  1184 | D:2      | 1184 ||| INVOKING Spit Poison.
  1185 | D:2      | Reached XP level 4. HP: 39/39 MP: 4/4
  1204 | D:2      | 1204 ||| INVOKING Spit Poison.
  1233 | D:2      | 1233 ||| INVOKING Spit Poison.
  1238 | D:2      | 1238 ||| INVOKING Spit Poison.
  1377 | D:2      | 1377 ||| INVOKING Spit Poison.
  1380 | D:2      | 1380 ||| INVOKING Spit Poison.
  1385 | D:2      | 1385 ||| INVOKING Spit Poison.
  1434 | D:2      | 1434 ||| UPGRADING to +4 ring of slaying {mikee}.
  1435 | D:2      | 1435 ||| DROPPING ring of flight.
  1436 | D:2      | 1436 ||| READING scroll labelled ELEOWOLUXU.
  1437 | D:2      | 1437 ||| READING scroll labelled YTI VOUTHRO.
  1441 | D:2      | 1441 ||| READING scroll labelled XUIREDO SEJUR.
  1442 | D:2      | 1442 ||| DRINKING 3 cyan potions.
  1448 | D:3      | Noticed Robin
  1449 | D:3      | 1449 ||| INVOKING Spit Poison.
  1451 | D:3      | 1451 ||| STAIRDANCE
  1453 | D:2      | 1453 ||| INVOKING Spit Poison.
  1457 | D:2      | 1457 ||| INVOKING Spit Poison.
  1530 | D:3      | 1530 ||| STAIRDANCE
  1532 | D:2      | 1532 ||| INVOKING Spit Poison.
  1534 | D:2      | HP: 5/40 [goblin/+0 club[Robin] (6)]
  1535 | D:2      | 1535 ||| DRINKING 2 potions of heal wounds.
  1536 | D:2      | Killed Robin
  1537 | D:2      | Reached skill level 3 in Fighting
  1538 | D:2      | 1538 ||| INVOKING Spit Poison.
  1541 | D:2      | HP: 8/42 [goblin/+0 club[Robin] (6)]
  1542 | D:2      | 1542 ||| DRINKING potion of heal wounds.
  1603 | D:2      | 1603 ||| UPGRADING to +0 helmet.
  1611 | D:3      | 1611 ||| STAIRDANCE
  1613 | D:2      | 1613 ||| INVOKING Spit Poison.
  1617 | D:2      | 1617 ||| INVOKING Spit Poison.
  1694 | D:3      | 1694 ||| INVOKING Spit Poison.
  1795 | D:3      | Found an opulent altar of Gozag.
  1887 | D:3      | Noticed Terence
  1889 | D:3      | 1889 ||| INVOKING Spit Poison.
  1895 | D:3      | 1895 ||| INVOKING Spit Poison.
  1895 | D:3      | Killed Terence
  1896 | D:3      | Reached XP level 5. HP: 24/49 MP: 5/5
  2208 | D:3      | 2208 ||| READING 3 scrolls labelled TAB NESACYXTO.
  2209 | D:3      | 2209 ||| READING 2 scrolls of identify.
  2209 | D:3      | 2209 ||| IDENTIFYING glowing purple potion
  2248 | D:4      | Noticed Blork the orc
  2251 | D:4      | 2251 ||| INVOKING Spit Poison.
  2252 | D:4      | Killed Blork the orc
  2263 | D:4      | 2263 ||| INVOKING Spit Poison.
  2265 | D:4      | 2265 ||| Stepping ~*~*~tactically~*~*~ (outnumbered).
  2267 | D:4      | Reached skill level 6 in Ranged Weapons
  2268 | D:4      | 2268 ||| INVOKING Spit Poison.
  2270 | D:4      | Reached XP level 6. HP: 55/56 MP: 6/6
  2272 | D:4      | 2272 ||| Stepping ~*~*~tactically~*~*~ (outnumbered).
  2273 | D:4      | 2273 ||| INVOKING Spit Poison.
  2281 | D:4      | 2281 ||| INVOKING Spit Poison.
  2326 | D:4      | Found a staircase to the Ecumenical Temple.
  2327 | D:4      | 2327 ||| PLANNING TEMPLE
  2332 | Temple   | Entered the Ecumenical Temple
  2423 | Temple   | 2423 ||| PLANNING OKAWARU WORSHIP
  2430 | Temple   | Became a worshipper of Warmaster Okawaru
  2431 | Temple   | 2431 ||| PLANNING D:1-11
  2480 | D:4      | Noticed Menkaure
  2481 | D:4      | Killed Menkaure
  2800 | D:4      | 2800 ||| INVOKING Spit Poison.
  2805 | D:4      | 2805 ||| INVOKING Spit Poison.
  2810 | D:4      | 2810 ||| INVOKING Spit Poison.
  2812 | D:4      | Reached XP level 7. HP: 47/66 MP: 7/7
  3025 | D:4      | 3025 ||| INVOKING Spit Poison.
  3031 | D:4      | 3031 ||| INVOKING Spit Poison.
  3056 | D:4      | 3056 ||| INVOKING Spit Poison.
  3175 | D:4      | 3175 ||| INVOKING Spit Poison.
  3178 | D:4      | 3178 ||| INVOKING Spit Poison.
  3263 | D:4      | 3263 ||| INVOKING Spit Poison.
  3492 | D:4      | 3492 ||| READING scroll labelled GOUGAOZ REGERCH.
  3534 | D:5      | Entered Level 5 of the Dungeon
  3550 | D:5      | Noticed Sigmund
  3551 | D:5      | 3551 ||| INVOKING Spit Poison.
  3552 | D:5      | Killed Sigmund
  3553 | D:5      | Reached skill level 7 in Ranged Weapons
  3582 | D:5      | Reached * piety under Okawaru
  3583 | D:5      | Reached XP level 8. HP: 61/73 MP: 8/8
  3627 | D:5      | 3627 ||| INVOKING Spit Poison.
  3653 | D:5      | 3653 ||| INVOKING Heroism.
  3725 | D:5      | 3725 ||| INVOKING Spit Poison.
  3783 | D:5      | 3783 ||| INVOKING Heroism.
  3785 | D:5      | Reached skill level 8 in Ranged Weapons
  3785 | D:5      | 3785 ||| INVOKING Spit Poison.
  3789 | D:5      | Reached skill level 1 in Invocations
  3816 | D:5      | 3816 ||| INVOKING Spit Poison.
  3978 | D:5      | Noticed Ijyb
  3979 | D:5      | 3979 ||| INVOKING Heroism.
  3980 | D:5      | 3980 ||| INVOKING Spit Poison.
  3983 | D:5      | Killed Ijyb
  4033 | D:5      | 4033 ||| INVOKING Heroism.
  4034 | D:5      | 4034 ||| INVOKING Spit Poison.
  4038 | D:5      | Reached skill level 3 in Invocations
  4043 | D:5      | 4043 ||| INVOKING Spit Poison.
  4117 | D:5      | 4117 ||| INVOKING Spit Poison.
  4120 | D:5      | 4120 ||| INVOKING Spit Poison.
  4126 | D:5      | 4126 ||| INVOKING Spit Poison.
  4220 | D:5      | 4220 ||| INVOKING Spit Poison.
  4221 | D:5      | Noticed Eustachio
  4222 | D:5      | 4222 ||| INVOKING Heroism.
  4225 | D:5      | Killed Eustachio
  4227 | D:5      | Reached skill level 9 in Ranged Weapons
  4227 | D:5      | Reached XP level 9. HP: 81/81 MP: 8/12
  4290 | D:5      | 4290 ||| INVOKING Spit Poison.
  4291 | D:5      | 4291 ||| UPGRADING to +0 orcbow.
  4292 | D:5      | 4292 ||| DROPPING +1 shortbow of electrocution.
  4327 | D:5      | 4327 ||| INVOKING Spit Poison.
  4396 | D:5      | 4396 ||| DROPPING ring of wizardry.
  4447 | D:6      | 4447 ||| INVOKING Spit Poison.
  4451 | D:6      | 4451 ||| INVOKING Spit Poison.
  4455 | D:6      | 4455 ||| INVOKING Heroism.
  4463 | D:6      | Reached skill level 3 in Dodging
  4463 | D:6      | 4463 ||| INVOKING Spit Poison.
  4576 | D:6      | 4576 ||| FLEEEEING.
  4627 | D:6      | Reached skill level 1 in Armour
  4735 | D:6      | Noticed Pikel
  4736 | D:6      | 4736 ||| INVOKING Heroism.
  4737 | D:6      | 4737 ||| INVOKING Spit Poison.
  4742 | D:6      | Killed Pikel
  4742 | D:6      | Reached ** piety under Okawaru
  4743 | D:6      | Reached skill level 6 in Fighting
  4812 | D:6      | Found a sacrificial altar of Ru.
  4813 | D:6      | 4813 ||| INVOKING Heroism.
  4844 | D:6      | Noticed qw's ghost (novice NaHu)
  4846 | D:6      | Found a transporter.
  4846 | D:6      | Identified the +8 great mace of Yssol {venom, Will+}
  4846 | D:6      | Identified the +3 dire flail of Pithrogou {spect, rN+}
  4846 | D:6      | Noticed a two-headed ogre
  4851 | D:6      | Found a transporter.
  4860 | D:6      | 4860 ||| INVOKING Spit Poison.
  4863 | D:6      | 4863 ||| INVOKING Spit Poison.
  4882 | D:6      | 4882 ||| INVOKING Spit Poison.
  4928 | D:6      | 4928 ||| INVOKING Heroism.
  4932 | D:6      | 4932 ||| INVOKING Spit Poison.
  4941 | D:6      | 4941 ||| INVOKING Spit Poison.
  4950 | D:6      | 4950 ||| INVOKING Spit Poison.
  4960 | D:6      | 4960 ||| INVOKING Spit Poison.
  4965 | D:6      | 4965 ||| INVOKING Heroism.
  4967 | D:6      | 4967 ||| INVOKING Spit Poison.
  4971 | D:6      | 4971 ||| INVOKING Spit Poison.
  4975 | D:6      | 4975 ||| INVOKING Spit Poison.
  4982 | D:6      | 4982 ||| INVOKING Spit Poison.
  4997 | D:6      | 4997 ||| INVOKING Spit Poison.
  4999 | D:6      | Reached skill level 10 in Ranged Weapons
  5217 | D:6      | 5217 ||| INVOKING Spit Poison.
  5222 | D:6      | 5222 ||| INVOKING Spit Poison.
  5225 | D:6      | 5225 ||| INVOKING Spit Poison.
  5241 | D:6      | 5241 ||| INVOKING Spit Poison.
  5308 | D:6      | 5308 ||| INVOKING Spit Poison.
  5393 | D:6      | 5393 ||| INVOKING Heroism.
  5397 | D:6      | 5397 ||| INVOKING Spit Poison.
  5634 | D:6      | 5634 ||| UPGRADING to ring of resist corrosion.
  5635 | D:6      | 5635 ||| DRINKING 2 fizzy yellow potions.
  5636 | D:6      | 5636 ||| DROPPING potion of enlightenment.
  5690 | D:7      | 5690 ||| INVOKING Spit Poison.
  5692 | D:7      | Reached XP level 10. HP: 94/94 MP: 13/13
  5697 | D:7      | 5697 ||| INVOKING Spit Poison.
  5704 | D:7      | 5704 ||| INVOKING Spit Poison.
  5707 | D:7      | 5707 ||| INVOKING Spit Poison.
  5713 | D:7      | 5713 ||| INVOKING Spit Poison.
  5716 | D:7      | 5716 ||| INVOKING Spit Poison.
  5749 | D:7      | 5749 ||| Stepping ~*~*~tactically~*~*~ (outnumbered).
  5751 | D:7      | 5751 ||| Stepping ~*~*~tactically~*~*~ (outnumbered).
  5752 | D:7      | 5752 ||| INVOKING Spit Poison.
  5757 | D:7      | 5757 ||| INVOKING Spit Poison.
  5824 | D:7      | 5824 ||| INVOKING Spit Poison.
  5854 | D:7      | 5854 ||| INVOKING Spit Poison.
  5860 | D:7      | 5860 ||| INVOKING Spit Poison.
  5874 | D:7      | 5874 ||| INVOKING Spit Poison.
  5915 | D:7      | 5915 ||| INVOKING Heroism.
  5916 | D:7      | 5916 ||| INVOKING Spit Poison.
  5917 | D:7      | 5917 ||| Stepping ~*~*~tactically~*~*~ (cloud).
  6137 | D:7      | Found an ancient bone altar of Kikubaaqudgha.
  6472 | D:7      | 6472 ||| INVOKING Spit Poison.
  6478 | D:7      | Reached skill level 11 in Ranged Weapons
  6479 | D:7      | 6479 ||| INVOKING Spit Poison.
  6585 | D:7      | 6585 ||| INVOKING Spit Poison.
  6605 | D:7      | 6605 ||| UPGRADING to scarf of resistance.
  6610 | D:7      | 6610 ||| READING scroll labelled CINTAS YFORI.
  6611 | D:7      | 6611 ||| READING 2 scrolls of identify.
  6611 | D:7      | 6611 ||| IDENTIFYING yellow potion
  6612 | D:7      | 6612 ||| DROPPING potion of brilliance.
  6622 | D:8      | 6622 ||| INVOKING Spit Poison.
  6626 | D:8      | 6626 ||| INVOKING Spit Poison.
  6627 | D:8      | Reached *** piety under Okawaru
  6705 | D:8      | 6705 ||| INVOKING Spit Poison.
  6713 | D:8      | 6713 ||| INVOKING Spit Poison.
  6714 | D:8      | 6714 ||| Stepping ~*~*~tactically~*~*~ (outnumbered).
  6717 | D:8      | 6717 ||| INVOKING Spit Poison.
  6724 | D:8      | 6724 ||| INVOKING Heroism.
  6725 | D:8      | 6725 ||| INVOKING Spit Poison.
  6857 | D:8      | 6857 ||| INVOKING Spit Poison.
  6858 | D:8      | 6858 ||| Stepping ~*~*~tactically~*~*~ (outnumbered).
  6861 | D:8      | 6861 ||| Stepping ~*~*~tactically~*~*~ (outnumbered).
  6863 | D:8      | 6863 ||| INVOKING Spit Poison.
  6869 | D:8      | 6869 ||| INVOKING Spit Poison.
  6918 | D:8      | Noticed a two-headed ogre
  6919 | D:8      | 6919 ||| INVOKING Heroism.
  6920 | D:8      | 6920 ||| INVOKING Spit Poison.
  6927 | D:8      | 6927 ||| INVOKING Spit Poison.
  6928 | D:8      | Killed a two-headed ogre
  7042 | D:8      | 7042 ||| INVOKING Heroism.
  7137 | D:8      | 7137 ||| INVOKING Heroism.
  7138 | D:8      | 7138 ||| INVOKING Spit Poison.
  7342 | D:8      | Found a bloodstained altar of Trog.
  7463 | D:8      | 7463 ||| READING scroll labelled FEAPNEO CUUMO.
  7464 | D:8      | 7464 ||| READING scroll labelled WAQECABROU.
  7516 | D:9      | Found a staircase to the Lair.
  7529 | D:9      | 7529 ||| INVOKING Heroism.
  7541 | D:9      | 7541 ||| INVOKING Spit Poison.
  7547 | D:9      | 7547 ||| INVOKING Spit Poison.
  7772 | D:9      | Found a shimmering altar of Xom.
  7773 | D:9      | Found a hazy altar of Hepliaklqana.
  7774 | D:9      | Noticed a spectral ugly thing
  7782 | D:9      | 7782 ||| INVOKING Spit Poison.
  7790 | D:9      | 7790 ||| INVOKING Spit Poison.
  7820 | D:9      | 7820 ||| INVOKING Spit Poison.
  7845 | D:9      | 7845 ||| INVOKING Spit Poison.
  7885 | D:9      | Noticed a kobold demonologist
  7888 | D:9      | 7888 ||| INVOKING Spit Poison.
  7891 | D:9      | Killed a kobold demonologist
  7941 | D:9      | 7941 ||| INVOKING Heroism.
  7942 | D:9      | 7942 ||| INVOKING Spit Poison.
  7946 | D:9      | 7946 ||| INVOKING Spit Poison.
  8113 | D:9      | 8113 ||| INVOKING Spit Poison.
  8168 | D:9      | 8168 ||| INVOKING Spit Poison.
  8174 | D:9      | 8174 ||| INVOKING Heroism.
  8176 | D:9      | Reached skill level 12 in Ranged Weapons
  8176 | D:9      | 8176 ||| INVOKING Spit Poison.
  8182 | D:9      | HP: 19/98 [killer bee (6)]
  8183 | D:9      | 8183 ||| READING 2 scrolls of teleportation.
  8184 | D:9      | 8184 ||| INVOKING Spit Poison.
  8184 | D:9      | HP: 8/98 [killer bee (4)]
  8188 | D:9      | Reached XP level 11. HP: 6/104 MP: 12/14
  8189 | D:9      | 8189 ||| READING scroll of teleportation.
  8189 | D:9      | HP: 5/104 [poisoned by a killer bee]
  8189 | D:9      | Slain by a killer bee

Levels and vault maps discovered:
D:1:      onia_arrival_mini_maze, layout_loops_ring, serial_shops,
          nicolae_shop_gibbet_a_chance, nicolae_shop_tiny_statue_garden, shop,
          minmay_worlds_worst_comb
D:2:      layout_rooms, minmay_tall_x
D:3:      layout_rooms, nicolae_gozag_cash_rules_everything_around_me,
          chequers_serial_rivers_small_3, uniq_terence, uniq_robin
D:4:      layout_layer_cave, minmay_temple_entry_hall,
          kennysheep_generic_room_15, uniq_menkaure, uniq_blork_the_orc
D:5:      layout_gridville, uniq_ijyb, uniq_eustachio, uniq_sigmund
D:6:      layout_basic, nicolae_ru_awakened_eye, gammafunk_ghost_smash,
          uniq_pikel
D:7:      layout_basic, kiku_gazebo_garden_becter
D:8:      hellmonk_ruined_rings, layout_basic, lemuel_round_altar
D:9:      layout_long_grid, regret_index_temple_of_mockery, david_lair_shrubbed,
          david_orc_1_choice, minmay_tree_intersection,
          minmay_stone_trees_small, st_stairs_10,
          amcnicky_mini_rare_corridor_liquid, hangedman_ranch
Temple:   nicolae_temple_godzebo

Skill      XL: |  1  2  3  4  5  6  7  8  9 10 |
---------------+-------------------------------+-----
Ranged Weapons | 4 5 6 7 9 10 12 | 12.1
Fighting       | 3 4 5 7 8 |  8.4
Dodging        | 2 3 4 |  4.0
Invocations    | 4 |  4.1
Armour         | 1 |  1.6
Stealth        | |  1.5

Action                     |  1- 3 |  4- 6 |  7- 9 | 10-12 || total
---------------------------+-------+-------+-------+-------++-------
   Fire: Shortbow          |    83 |    81 |    78 |       ||   242
         Orcbow            |       |       |   105 |   158 ||   263
 Invoke: Heroism           |       |       |    11 |     8 ||    19
Ability: Spit Poison       |    36 |    24 |    43 |    40 ||   143
    Use: Scroll            |     3 |     5 |     1 |     6 ||    15
         Potion            |     2 |     3 |     1 |       ||     6
 Armour: Leather armour    |     6 |    23 |    16 |    27 ||    72
  Dodge: Dodged            |    23 |    30 |    36 |    69 ||   158

Table legend:
 A = Non-vault XP
 B = Vault XP
 C = Vault XP percentage of total XP
 D = Non-vault monster count
 E = Vault monster count
 F = Vault count percentage of total count
                 A         B        C        D         E       F
            +---------+---------+-------+---------+---------+-------
      Total |    6632 |    2624 |  28.3 |     184 |      35 |  16.0
            +---------+---------+-------+---------+---------+-------
        D:1 |      47 |       8 |  14.5 |      25 |       5 |  16.7
        D:2 |      55 |      40 |  42.1 |      24 |      14 |  36.8
        D:3 |      16 |      42 |  72.4 |       7 |       4 |  36.4
        D:4 |     409 |     279 |  40.6 |      22 |       3 |  12.0
        D:5 |    1039 |     447 |  30.1 |      20 |       3 |  13.0
        D:6 |    1531 |     706 |  31.6 |      29 |       1 |   3.3
        D:7 |    1111 |       0 |   0.0 |      26 |       0 |   0.0
        D:8 |    1709 |       0 |   0.0 |      17 |       0 |   0.0
        D:9 |     715 |    1102 |  60.6 |      14 |       5 |  26.3
            +---------+---------+-------+---------+---------+-------
